 Dungeon Crawl Stone Soup version 0.29.1-14-g9c671dbff4 (webtiles) character file.

Game seed: 11426253525467550798

8622 raph the Severer (level 11, -6/145 HPs)
             Began as a Hill Orc Berserker on Feb 12, 2023.
             Was a Priest of Trog.
             Mangled by a cane toad (8 damage)
             ... on level 1 of the Lair of Beasts.
             The game lasted 00:11:58 (10431 turns).

raph the Severer (Hill Orc Berserker)              Turns: 10431, Time: 00:11:59

Health: -6/145     AC: 18    Str: 21    XL:     11   Next: 33%
Magic:  11/11      EV:  9    Int:  7    God:    Trog [***...]
Gold:   299        SH:  0    Dex: 14    Spells: 10/10 levels left

rFire   . . .      SeeInvis .   a - +0 executioner's axe
rCold   . . .      Faith    .   (shield currently unavailable)
rNeg    . . .      Spirit   .   q - +0 plate armour
rPois   .          Reflect  .   u - +1 hat {Stlth+}
rElec   .          Harm     .   z - +2 cloak
rCorr   .          Rampage  .   (no gloves)
Will    ++...                   (no boots)
Stlth   ..........              (no amulet)
HPRegen 1.34/turn               (no ring)
MPRegen 0.12/turn               (no ring)

@: berserking, lethally poisoned (-6 -> -12), strong-willed, regenerating, very
quick
A: no striking features
a: Renounce Religion, Berserk, Trog's Hand


You were on level 1 of the Lair of Beasts.
You worshipped Trog.
Trog was most pleased with you.
You visited 2 branches of the dungeon, and saw 9 of its levels.

You collected 534 gold pieces.
You spent 235 gold pieces at shops.

Inventory:

Hand Weapons
 a - a +0 executioner's axe (weapon)
 b - a +3 vorpal flail
 j - a +0 war axe
 B - a +1 falchion of flaming
Missiles
 c - 4 poisoned darts
 h - 8 javelins (quivered)
Armour
 e - a +1 chain mail
 q - a +0 plate armour (worn)
 u - a +1 hat of stealth (worn)
 z - a +2 cloak (worn)
Jewellery
 p - an amulet of guardian spirit
Wands
 i - a wand of polymorph (17)
 s - a wand of light (4)
 x - a wand of iceblast (11)
 A - a wand of flame (20)
 C - a wand of charming (9)
Scrolls
 k - a scroll of blinking
 l - 2 scrolls of butterflies
 r - 6 scrolls of teleportation
 t - 5 scrolls of identify
 y - a scroll of poison
 E - a scroll of enchant armour
Potions
 d - a potion of ambrosia
 f - 2 potions of flight
 g - 4 potions of haste
 m - 5 potions of mutation
 n - 2 potions of cancellation
 o - a potion of resistance
 v - a potion of heal wounds
 w - 3 potions of curing
 D - a potion of lignification


   Skills:
 + Level 9.5 Fighting
 * Level 15.6 Axes
 + Level 8.3 Armour
 + Level 6.3 Dodging


You had 10 spell levels left.
You didn't know any spells.
Your spell library was empty.

Dungeon Overview and Level Annotations

Branches:
Dungeon (8/15)             Temple (0/1) D:7            Lair (1/5) D:8

Altars:
Ashenzari
Makhleb
Qazlal
Sif Muna
Wu Jian

Shops:
D:3 :   D:6 *


Message History

* * * LOW HITPOINT WARNING * * *
You are poisoned.
The cane toad poisons you!
You slash the cane toad!
The cane toad is heavily wounded.
You slash the cane toad!
You feel very sick. The cane toad closely misses you.
The cane toad stings something!
Something bites the plant.
The plant begins to die.
The adder bites the plant.
The plant begins to die.
The cane toad stings you but does no damage.
You hear an angry hiss.
You barely miss the cane toad.
The cane toad is heavily wounded.
You slash the cane toad!
You feel very sick. The cane toad stings you.
* * * LOW HITPOINT WARNING * * *
You are more poisoned.
The cane toad poisons you!
Something bites the plant.
The adder bites the plant.
The plant begins to die.
The adder bites the plant.
You closely miss the cane toad.
The cane toad is heavily wounded.
You slash the cane toad!
You kill the cane toad!
Trog accepts your kill.
You feel very sick. The cane toad barely misses you.
The adder bites the plant.
The plant begins to die.
The plant is poisoned.
The adder poisons the plant!
You hit the cane toad.
The cane toad is heavily wounded.
You feel very sick.
A nearby plant withers and dies.
The cane toad stings you!
* * * LOW HITPOINT WARNING * * *
You barely miss the cane toad.
The cane toad is heavily wounded.
* * * LOW HITPOINT WARNING * * *
You feel very sick.
Something bites the plant.
The plant begins to die.
The cane toad stings you!
You die... ...............## #PP...P ................# PP...FP #.......>.......# P..P..P ...............## P.PP.PP #...............# P.PPPPP

#.............†.###P.PPPPP
##..............##.P..P.P.
#..............##FS......
##.............@FFS......
# ##.............#####....
# #P...........### #.# #
#####P.......# 8 #
####....## # ###..###
#...#.# ##..### ##..##


You could see 2 cane toads, a bullfrog and 2 adders.

Vanquished Creatures
  A hydra (Lair:1)
  A two-headed ogre (D:8)
  A wolf spider (Lair:1)
  A black mamba (Lair:1)
  A cane toad (Lair:1)
  Grinder (D:5)
  Sigmund (D:5)
  3 wyverns
  Grum (D:8)
  11 yaks
  A steam dragon (D:6)
  Edmund (D:5)
  4 water moccasins
  2 orc warriors
  A sky beast (D:7)
  2 ice beasts
  4 black bears
  An ogre (D:5)
  2 wolves (D:8)
  3 centaurs
  2 phantoms
  2 bullfrogs
  A kobold brigand (D:7)
  A necrophage (D:7)
  5 wights (D:7)
  8 scorpions
  3 howler monkeys (D:8)
  6 hounds
  A jelly (D:6)
  Natasha (twice) (D:2)
  6 iguanas
  Terence (D:2)
  3 orc wizards (D:8)
  4 gnolls (D:7)
  10 adders
  2 white imps
  4 ufetubi
  2 worms (D:3)
  3 dart slugs
  9 orcs
  7 ball pythons
  7 endoplasms
  7 giant cockroaches
  8 goblins
  6 hobgoblins
  5 jackals
  11 kobolds
  5 quokkas
  11 bats
  4 frilled lizards
  7 rats
196 creatures vanquished.

Vanquished Creatures (others)
  12 fungi
  31 plants
43 creatures vanquished.

Grand Total: 239 creatures vanquished

Notes
Turn   | Place    | Note
-------+----------+-------------------------------------------
     0 | D:1      | raph the Hill Orc Berserker began the quest for the Orb.
     0 | D:1      | Reached XP level 1. HP: 19/19 MP: 1/1
   222 | D:1      | Found a faded altar of an unknown god.
   305 | D:1      | Reached XP level 2. HP: 11/26 MP: 2/2
   544 | D:1      | Reached skill level 5 in Axes
  1245 | D:1      | Reached XP level 3. HP: 31/31 MP: 3/3
  1647 | D:2      | Reached ** piety under Trog
  1683 | D:2      | Noticed Terence
  1689 | D:2      | Killed Terence
  1690 | D:2      | Reached skill level 6 in Axes
  1690 | D:2      | Reached XP level 4. HP: 39/39 MP: 4/4
  1827 | D:2      | Noticed Natasha
  1837 | D:2      | Killed Natasha
  1838 | D:2      | Reached skill level 7 in Axes
  2014 | D:2      | Noticed Natasha
  2022 | D:2      | Killed Natasha
  2023 | D:2      | Reached XP level 5. HP: 45/45 MP: 5/5
  2372 | D:3      | Found Soappoyr's Book Shop.
  2469 | D:3      | Reached skill level 8 in Axes
  3163 | D:4      | Noticed a black bear
  3177 | D:4      | Killed a black bear
  3178 | D:4      | Reached skill level 9 in Axes
  3178 | D:4      | Reached XP level 6. HP: 51/51 MP: 6/6
  3787 | D:4      | Reached XP level 7. HP: 58/58 MP: 7/7
  3838 | D:4      | Reached skill level 10 in Axes
  3962 | D:5      | Entered Level 5 of the Dungeon
  3975 | D:5      | Noticed Grinder
  3985 | D:5      | Killed Grinder
  4113 | D:5      | Noticed Sigmund
  4131 | D:5      | Killed Sigmund
  4132 | D:5      | Reached skill level 5 in Fighting
  4132 | D:5      | Reached XP level 8. HP: 68/68 MP: 8/8
  4978 | D:5      | Noticed Edmund
  4992 | D:5      | Killed Edmund
  4993 | D:5      | Reached skill level 11 in Axes
  5792 | D:6      | Found Rorph's Elemental Accessories.
  5803 | D:6      | Bought a wand of iceblast (7) for 235 gold pieces
  5976 | D:6      | Reached *** piety under Trog
  5977 | D:6      | Reached skill level 5 in Armour
  5991 | D:6      | Reached XP level 9. HP: 54/75 MP: 9/9
  6219 | D:6      | Found a stormy altar of Qazlal.
  6243 | D:6      | Found a burning altar of Makhleb.
  6246 | D:6      | Found a broken altar of Ashenzari.
  6426 | D:6      | Found a shimmering blue altar of Sif Muna.
  6627 | D:7      | Found an ornate altar of the Wu Jian Council.
  6649 | D:7      | Reached skill level 12 in Axes
  7043 | D:7      | Found a staircase to the Ecumenical Temple.
  7712 | D:7      | Reached skill level 13 in Axes
  8030 | D:8      | Reached XP level 10. HP: 86/86 MP: 10/10
  8033 | D:8      | Reached skill level 5 in Dodging
  8187 | D:8      | Found a staircase to the Lair.
  8475 | D:7      | Reached skill level 14 in Axes
  8806 | D:8      | Reached **** piety under Trog
  8961 | D:8      | Noticed Grum
  8968 | D:8      | Killed Grum
  9362 | D:8      | Noticed a two-headed ogre
  9683 | D:8      | Killed a two-headed ogre
  9700 | D:8      | Reached skill level 15 in Axes
  9700 | D:8      | Reached XP level 11. HP: 72/97 MP: 11/11
  9947 | Lair:1   | Entered Level 1 of the Lair of Beasts
  9947 | Lair:1   | Noticed a six-headed hydra
  9955 | Lair:1   | Killed a six-headed hydra
 10411 | Lair:1   | Noticed a wolf spider
 10426 | Lair:1   | Killed a wolf spider
 10430 | Lair:1   | HP: 4/145 [cane toad (17)]
 10431 | Lair:1   | Mangled by a cane toad

Illustrated notes

Levels and vault maps discovered:
D:1:      dpeg_arrival_pits, layout_loops_ring,
          shapermc_ecumenical_altar_mp_highgroup
D:2:      layout_basic, uniq_terence, uniq_natasha
D:3:      layout_basic, serial_shops, shop_fountains
D:4:      layout_rooms
D:5:      layout_layer_cave, uniq_grinder, uniq_edmund, uniq_sigmund
D:6:      layout_basic, grunt_temple_overflow_cloverleaf, nicolae_elemental_shop
D:7:      old_forge, layout_loops_ring, pdpol_wu_jian_five_deadly_venoms,
          minmay_temple_entry_wispy
D:8:      layout_basic, minmay_lair_entry_grove, corexii_hall_statues_t,
          minmay_misc_feat_columns, interstate_on_off, uniq_grum
Lair:1:   minmay_lair_venomous_thicket, layout_cave_pods, serial_bayou_shore_b,
          grunt_megastairs_5

Skill      XL: |  1  2  3  4  5  6  7  8  9 10 11 |
---------------+----------------------------------+-----
Axes           | 5 6 7 9 10 11 13 15 | 15.6
Fighting       | 5 6 7 9 |  9.5
Armour         | 3 5 6 7 8 |  8.3
Dodging        | 2 3 4 5 6 |  6.3

Action                   |  1- 3 |  4- 6 |  7- 9 | 10-12 || total
-------------------------+-------+-------+-------+-------++-------
Melee: Hand axe          |    78 |   134 |    83 |       ||   295
       Punch             |       |     1 |     1 |       ||     2
       Executioner's axe |       |       |   208 |   136 ||   344
       Flail             |       |       |       |     1 ||     1
Throw: Javelin           |       |       |     2 |     3 ||     5
       Dart              |       |       |     1 |     4 ||     5
Invok: Berserk           |     1 |     4 |     5 |     5 ||    15
       Trog's Hand       |       |     1 |     1 |     1 ||     3
Evoke: Wand              |       |       |     1 |     4 ||     5
  Use: Scroll            |       |    11 |    11 |     1 ||    23
       Potion            |       |       |       |     1 ||     1
Armor: Scale mail        |     7 |       |       |       ||     7
       Animal skin       |     1 |       |       |       ||     1
       Chain mail        |    24 |    48 |   122 |       ||   194
       Plate armour      |       |       |   126 |   122 ||   248
Dodge: Dodged            |    32 |    55 |   148 |    85 ||   320
